Map: 프리온 단구

Players

llllllllllll (Scarlett)

  • Race: Zerg Zerg
  • League: Grandmaster

llllllllllll - Winner!

  • Race: Zerg Zerg
  • League: Grandmaster

VOD

Have the link to the VOD?

Description

Time

  • Played on: April 13, 2016, 3:17 a.m.
  • Length: 6:32
Show
View Real Time Build Order
Export as new Build Order

llllllllllll Zerg 

Build Orders: Hatch First, Zergling Baneling 

Get SALT Encoding   

  12  0:00  Drone  
  13  0:07  Drone  
  14  0:18  Overlord  
  14  0:22  Extractor, Drone  
  15  0:37  Drone x2  
  17  0:52  Hatchery  
  17  0:57  Drone x2  
  18  1:11  Spawning Pool  
  17  1:12  Extractor  
  16  1:19  Drone  
  16  1:22  Drone  
  18  1:30  Drone  
  19  1:42  Overlord  
  19  1:57  Queen  
  19  1:59  Zergling x2  
  22  2:03  Drone  
  22  2:04  Drone  
  22  2:05  Queen  
  26  2:14  Metabolic Boost, Drone  
  27  2:24  Drone x2  
  27  2:28  Drone  
  30  2:33  Queen  
  32  2:49  Hatchery  
  31  2:51  Baneling Nest  
  31  2:54  Overlord  
  31  2:56  Zergling x4  
  32  3:00  Drone  
  32  3:01  Drone  
  34  3:07  Zergling x4  
  36  3:17  Zergling x6  
  36  3:18  Zergling x2  
  36  3:19  Zergling x6  
  43  3:47  Baneling x3  
  40  3:49  Zergling x8  
  40  3:51  Overlord x2  
  44  4:01  Zergling x2  
  44  4:02  Zergling x10  
  50  4:03  Baneling x3  
  50  4:08  Overlord  
  50  4:09  Overlord  
  49  4:16  Baneling  
  48  4:29  Extractor  
  48  4:30  Overlord  
  47  4:31  Drone  
  47  4:32  Drone x8  
  47  4:37  Baneling x2  
  56  4:38  Drone x2  
  56  4:43  Drone  
  59  5:00  Drone x5  
  59  5:04  Roach Warren  
  62  5:15  Drone  
  62  5:16  Extractor, Drone  
  62  5:18  Drone x4  
  62  5:19  Overlord x3  
  66  5:28  Zergling x2  
  66  5:29  Queen x2, Zergling x4  
  66  5:32  Spine Crawler  
  63  5:44  Roach x2  
  63  5:45  Roach x6  
  79  5:52  Roach x3  
  79  5:53  Roach x2  
  86  6:01  Roach x2, Zergling x2  
  86  6:02  Zergling x8  
  88  6:09  Roach  
Show
View Real Time Build Order
Export as new Build Order

llllllllllll Zerg - Winner!

Build Orders: Hatch First, Zergling Baneling 

Get SALT Encoding   

  12  0:01  Drone  
  13  0:12  Overlord  
  13  0:17  Drone  
  14  0:31  Drone x2  
  14  0:35  Drone  
  17  0:51  Hatchery  
  17  0:55  Drone  
  17  0:58  Drone  
  17  1:04  Extractor  
  17  1:13  Spawning Pool  
  17  1:16  Drone  
  17  1:19  Drone  
  18  1:28  Drone  
  19  1:39  Overlord  
  19  1:54  Drone  
  19  2:01  Queen, Zergling x2  
  22  2:03  Queen  
  22  2:06  Metabolic Boost  
  25  2:10  Drone  
  25  2:13  Drone  
  27  2:16  Drone  
  28  2:27  Baneling Nest  
  28  2:28  Zergling x2, Drone  
  29  2:34  Drone  
  30  2:38  Drone  
  31  2:47  Drone  
  32  2:51  Overlord  
  32  2:54  Drone  
  32  2:56  Hatchery  
  32  3:02  Drone  
  32  3:05  Drone  
  34  3:13  Zergling x8  
  34  3:16  Drone x2  
  34  3:17  Zergling x2  
  41  3:22  Overlord, Baneling x2  
  41  3:27  Zergling x2  
  42  3:32  Baneling x2  
  42  3:34  Zergling x2  
  42  3:35  Zergling x2  
  42  3:39  Extractor  
  42  3:49  Zergling x12  
  42  3:50  Queen  
  50  3:57  Roach Warren, Overlord  
  50  3:58  Drone  
  50  4:04  Drone  
  50  4:07  Drone  
  50  4:09  Baneling x2  
  51  4:13  Drone x2  
  51  4:16  Overlord  
  50  4:27  Zergling x10  
  50  4:28  Zergling x4  
  50  4:29  Overlord  
  57  4:31  Overlord  
  57  4:34  Baneling x2  
  57  4:37  Overlord  
  56  4:42  Roach  
  56  4:45  Roach  
  59  4:48  Roach  
  60  4:53  Roach x2  
  60  4:57  Roach x3  
  60  4:58  Roach  
  71  5:01  Roach  
  71  5:04  Roach  
  75  5:11  Roach x2  
  79  5:20  Roach, Zergling x2  
  79  5:21  Zergling x6  
  83  5:25  Baneling x2  
  83  5:27  Zergling x8  
  87  5:29  Zergling x6  
  87  5:30  Zergling x2  
  87  5:32  Zergling x2  
  92  5:40  Baneling  
  92  5:41  Zergling x2  
  92  5:42  Zergling x4  
  94  5:49  Overlord  
  94  5:52  Baneling x2  
  94  5:53  Zergling x4  
  94  5:57  Zergling x8  
  94  6:04  Overlord  
  97  6:09  Zergling x2  
  97  6:10  Zergling x6  
  91  6:30  Ravager  
  91  6:31  Ravager x2  
Tags
 
Add a new tag
Caveats
  • Supply blocks, unpowered buildings, or Contaminate may cause inaccurate times.
  • Supply counts are checked every 10 seconds.